Map: Blood Boil LE

Players

janci - Winner!

  • Race: Terran Terran
  • Spawn Location: 11:00

A.I. 1 (Medium)

  • Race: Terran Terran
  • Spawn Location: 5:00

VOD

Have the link to the VOD?

Description

Time

  • Played on: May 29, 2017, 4:51 p.m.
  • Length: 25:35
Show
View Real Time Build Order
Export as new Build Order

janci Terran - Winner!

Build Orders:  

Get SALT Encoding   

  12  0:00  Unknown  
  12  0:01  SCV  
  13  0:15  SCV  
  14  0:28  SCV  
  15  0:43  Supply Depot  
  15  0:48  Refinery  
  15  1:05  SCV  
  16  1:17  SCV  
  17  1:20  Barracks  
  17  1:32  SCV  
  18  1:36  Command Center  
  18  1:44  SCV  
  19  2:10  Orbital Command  
  19  2:17  Supply Depot  
  19  2:18  Marine  
  20  2:38  Factory  
  20  2:40  Bunker  
  20  2:42  Marine  
  22  2:44  SCV  
  22  2:51  Orbital Command  
  22  2:59  SCV  
  22  3:02  Marine  
  24  3:14  SCV  
  25  3:20  Marine  
  26  3:27  SCV x2  
  28  3:39  SCV x2  
  28  3:40  Marine  
  31  3:44  Factory Tech Lab  
  31  3:46  Starport  
  31  3:54  SCV  
  31  3:55  SCV  
  33  4:00  Refinery  
  33  4:11  SCV  
  33  4:12  SCV, Barracks Tech Lab  
  35  4:23  Siege Tank  
  38  4:25  Starport Reactor  
  38  4:31  SCV x2  
  38  4:38  Marine  
  41  4:44  Barracks  
  41  4:49  Barracks  
  41  5:00  Supply Depot  
  41  5:01  Supply Depot  
  41  5:03  Supply Depot  
  41  5:05  Supply Depot  
  41  5:06  SCV x2, Refinery  
  43  5:13  Marauder  
  45  5:21  Siege Tank  
  45  5:23  Medivac x2  
  45  5:26  SCV x2  
  54  5:38  SCV x2  
  56  5:45  Barracks Reactor x2  
  56  6:02  Marauder  
  56  6:03  Siege Tank  
  61  6:07  Medivac  
  63  6:13  SCV x2  
  65  6:28  SCV x2  
  65  6:31  Marine x4, Marauder  
  73  6:36  Engineering Bay  
  73  6:37  Engineering Bay  
  73  6:41  SCV x2  
  73  6:44  Siege Tank  
  78  6:51  Refinery  
  78  7:05  Supply Depot  
  78  7:06  Supply Depot  
  78  7:10  Supply Depot  
  78  7:19  Command Center  
  78  7:26  Marine x4  
  78  7:27  SCV, Siege Tank  
  78  7:28  SCV, Marauder, Medivac x2  
  93  7:44  Terran Infantry Weapons Level 1, Terran Infantry Armor Level 1  
  93  7:48  Armory  
  93  7:59  Barracks  
  93  8:00  Barracks  
  93  8:07  SCV x2  
  95  8:25  Sensor Tower  
  95  8:44  Missile Turret  
  95  8:50  Sensor Tower  
  95  8:58  SCV x2  
  95  9:00  Orbital Command  
  97  9:03  Marauder  
  97  9:04  Marine x3, Missile Turret  
  97  9:05  Marine  
  97  9:06  Siege Tank  
  97  9:07  Medivac x2  
  97  9:09  Missile Turret, Barracks Reactor, Barracks Tech Lab  
  110  9:12  SCV x2  
  112  9:25  Missile Turret  
  112  9:31  Missile Turret  
  112  9:35  SCV x2  
  112  9:36  SCV  
  112  9:37  Refinery  
  115  9:51  Missile Turret  
  115  9:52  Missile Turret  
  115  10:11  SCV  
  115  10:12  SCV, Missile Turret x2  
  117  10:24  Supply Depot  
  117  10:26  Supply Depot  
  117  10:27  Supply Depot x2  
  117  10:28  Supply Depot x2  
  117  10:29  Supply Depot  
  117  10:30  Supply Depot x2  
  117  10:33  Missile Turret  
  117  10:46  SCV x2, Marine x4, Marauder  
  117  10:47  Marine x2  
  117  10:48  SCV, Siege Tank, Marauder  
  133  10:54  Missile Turret  
  133  11:08  SCV x2  
  133  11:09  SCV  
  136  11:12  Marauder x2  
  136  11:13  Marine x4  
  136  11:14  Marine x2, Missile Turret  
  146  11:20  Siege Tank  
  149  11:31  Marine x4  
  149  11:32  Marine x2  
  155  11:33  Marauder x2  
  155  11:35  Missile Turret  
  159  11:44  Terran Infantry Armor Level 2, Terran Infantry Weapons Level 2  
  159  11:46  Terran Vehicle Weapons Level 1  
  159  11:48  Marine  
  159  11:49  Marine x4  
  159  11:50  Marine  
  159  11:52  Siege Tank  
  168  11:54  Marauder  
  168  11:55  Marauder  
  172  12:06  Marine x2  
  172  12:07  Marine x3  
  172  12:08  Marine  
  178  12:16  Marauder x2  
  182  12:24  Marine x3, Siege Tank  
  182  12:25  Marine  
  182  12:29  Command Center  
  189  12:44  Command Center  
  189  12:46  Supply Depot  
  189  12:48  Supply Depot  
  189  13:08  SCV, Marine x2, Siege Tank, Marauder  
  189  13:09  SCV, Marauder, Missile Turret  
  200  13:13  Missile Turret  
  200  13:31  Missile Turret  
  200  13:35  Missile Turret  
  200  13:40  Terran Vehicle And Ship Armor Level 1  
  200  14:11  Terran Infantry Weapons Level 3, Terran Infantry Armor Level 3  
  200  14:29  Refinery x2  
  200  14:37  Orbital Command  
  200  15:29  Refinery  
  200  15:31  Refinery  
  200  15:34  Terran Ship Weapons Level 1  
  200  16:09  SCV  
  198  16:21  SCV  
  198  16:33  SCV  
  199  17:28  Terran Vehicle Weapons Level 2  
  199  17:38  SCV  
  200  18:24  Orbital Command  
  200  18:39  Command Center  
  194  19:44  Terran Vehicle And Ship Armor Level 2  
  194  19:56  Refinery  
  194  20:23  Refinery  
  194  20:27  Orbital Command  
  194  20:42  Marine x4, Marauder  
  184  21:40  Marine x3, Marauder x2  
  184  21:41  Marine x3  
  190  21:57  Stimpack  
  190  21:59  Combat Shields  
  190  22:00  Orbital Command  
  190  23:25  Refinery  
Show
View Real Time Build Order
Export as new Build Order

A.I. 1 (Medium) Terran 

Build Orders:  

Get SALT Encoding   

  12  0:00  SCV, Unknown  
  13  0:13  SCV  
  14  0:20  Supply Depot  
  14  0:25  SCV  
  15  0:42  SCV  
  16  0:44  Barracks  
  16  0:51  Refinery  
  16  0:54  SCV  
  17  1:06  SCV  
  18  1:18  Supply Depot  
  18  1:31  Marine  
  19  1:35  Orbital Command, Barracks  
  19  1:46  Refinery  
  19  1:50  Barracks Tech Lab  
  19  2:08  Marine  
  19  2:14  Supply Depot  
  20  2:26  Marine  
  21  2:34  Marine  
  22  2:47  Marine  
  22  2:50  Supply Depot  
  23  2:59  Marine  
  23  3:01  SCV  
  25  3:12  Marine  
  25  3:13  SCV  
  25  3:14  Engineering Bay  
  27  3:25  SCV, Marine  
  29  3:37  SCV  
  29  3:38  Marine  
  31  3:49  SCV  
  32  3:56  Marauder  
  32  4:01  SCV  
  35  4:03  Supply Depot  
  35  4:04  Marine  
  36  4:17  Marine  
  37  4:36  Marauder  
  39  4:57  Marauder  
  41  6:53  Reaper, Barracks Tech Lab  
  42  6:55  Factory  
  42  6:57  Factory  
  42  6:59  Command Center, Missile Turret  
  42  7:02  Supply Depot  
  42  7:05  Missile Turret  
  42  7:10  Sensor Tower  
  42  7:12  Marauder  
  42  7:13  Barracks  
  44  7:25  Reaper  
  44  7:26  Bunker  
  45  7:32  Marine  
  29  7:42  Factory Tech Lab, Starport  
  29  7:43  Factory Tech Lab  
  29  7:46  Armory  
  29  7:51  Marauder  
  31  7:57  Marine  
  32  8:00  Barracks Reactor  
  32  8:12  SCV, Marine  
  34  8:15  SCV, Marine  
  34  8:18  Refinery  
  36  8:21  Missile Turret  
  36  8:24  Starport Tech Lab, Missile Turret  
  36  8:25  SCV  
  37  8:27  SCV  
  37  8:29  Marine  
  39  8:34  Marine  
  39  8:37  SCV  
  39  8:39  SCV  
  42  8:43  Marine, Bunker  
  42  8:44  Raven  
  45  8:49  SCV  
  45  8:52  SCV  
  45  8:53  Marauder  
  49  9:01  SCV  
  49  9:02  Marine  
  51  9:04  SCV  
  52  9:11  Marine  
  52  9:13  SCV  
  52  9:16  SCV  
  55  9:20  Marine  
  56  9:25  SCV  
  56  9:27  Raven  
  56  9:28  SCV  
  56  9:30  Marauder  
  62  9:37  SCV  
  63  9:40  SCV  
  64  9:49  SCV  
  64  9:52  SCV  
  66  10:01  SCV  
  66  10:04  SCV  
  68  10:13  SCV  
  69  10:16  SCV  
  69  10:19  Supply Depot  
  70  11:24  Siege Tank  
  70  11:25  Combat Shields, Medivac  
  75  11:26  Terran Infantry Weapons Level 1, Starport, Stimpack  
  75  11:28  Supply Depot  
  75  11:31  Ghost Academy  
  75  11:32  Siege Tank  
  78  11:33  Command Center, Fusion Core  
  78  11:39  Engineering Bay  
  78  11:41  Armory  
  78  11:52  Supply Depot  
  78  11:55  Medivac  
  78  11:56  Siege Tank  
  83  12:02  Starport Reactor  
  83  12:04  Siege Tank  
  83  12:05  Terran Infantry Armor Level 1  
  83  12:06  Marine  
  79  12:13  Marine  
  66  12:20  Marine  
  67  12:24  Raven  
  67  12:28  Marine  
  70  12:35  Marine  
  71  12:42  Marine  
  71  12:44  Concussive Shells  
  72  12:47  SCV  
  72  12:49  Marine  
  72  12:50  SCV  
  75  12:52  SCV  
  75  12:55  Refinery  
  75  12:56  Marine  
  77  12:59  SCV  
  77  13:02  SCV, Missile Turret  
  77  13:03  Marine  
  77  13:05  SCV, Refinery, Missile Turret  
  81  13:07  Raven  
  81  13:10  Marine  
  81  13:11  SCV  
  85  13:14  SCV  
  85  13:18  Siege Tank  
  89  13:25  Siege Tank  
  89  13:26  Bunker  
  92  15:25  Hellion  
  92  15:26  Terran Infantry Armor Level 2, Terran Infantry Weapons Level 2  
  92  15:27  Terran Vehicle Weapons Level 1, Terran Ship Weapons Level 1  
  94  15:29  Supply Depot  
  94  15:30  Thor  
  100  15:47  Hellion  
  102  15:56  Supply Depot, Command Center  
  98  16:08  Marine, Cyclone  
  76  16:13  Marine  
  73  16:18  Marine  
  73  16:23  Marine  
  75  16:29  Marine  
  75  16:31  Raven  
  77  16:34  Marine  
  77  16:39  Marine  
  79  16:43  Medivac  
  79  16:44  Marine  
  82  16:49  Siege Tank  
  85  16:54  Siege Tank  
  88  17:09  SCV  
  88  17:14  Raven  
  91  17:18  Refinery  
  91  17:21  Terran Vehicle Weapons Level 2, Siege Tank, Terran Vehicle And Ship Armor Level 1  
  94  17:25  Missile Turret  
  94  17:26  Thor  
  94  17:27  Missile Turret  
  94  17:29  Refinery  
  100  17:42  Terran Infantry Weapons Level 3  
  100  17:43  Terran Infantry Armor Level 3  
  100  17:45  SCV  
  100  17:50  Bunker  
  100  17:53  Siege Tank  
  103  18:42  Raven  
  103  18:43  Viking  
  103  18:48  Marine  
  86  18:52  Marine  
  86  18:53  SCV  
  60  18:56  Siege Tank  
  60  18:57  SCV  
  60  18:59  SCV  
  60  19:00  Siege Tank  
  55  19:04  Marine  
  55  19:06  SCV  
  55  19:07  Marine  
  55  19:09  SCV  
  58  19:11  Marine  
  58  19:12  SCV  
  58  19:14  Marine  
  61  19:18  SCV, Terran Vehicle And Ship Armor Level 2  
  61  19:21  SCV, Marine  
  61  19:24  SCV  
  64  19:25  Marine  
  64  19:29  Hellion  
  64  19:30  SCV  
  68  19:32  Siege Tank, Medivac  
  68  19:33  SCV, Marine  
  68  19:36  SCV, Marine  
  76  19:40  Marine  
  76  19:42  SCV  
  76  19:43  Marine  
  76  19:45  SCV  
  80  19:48  SCV  
  80  19:50  Marine  
  81  19:54  SCV, Marine  
  81  19:57  SCV  
  81  19:58  Marine  
  85  20:01  Marine  
  85  20:03  SCV, Cyclone  
  85  20:06  Siege Tank  
  92  20:12  Marauder  
  92  20:13  Reaper  
  95  20:19  Ghost  
  95  20:21  Reaper  
  97  20:33  Ghost  
  99  20:47  Ghost  
  98  21:01  Reaper  
  98  21:02  Marauder  
  98  21:03  SCV  
  94  21:07  SCV  
  94  21:08  Viking  
  80  21:11  Marine  
  80  21:15  SCV  
  80  21:16  Marine  
  66  21:19  SCV  
  66  21:21  Command Center  
  66  21:24  Marauder  
  54  21:27  SCV  
  54  21:29  Marine  
  54  21:30  Engineering Bay  
  54  21:31  SCV  
  54  21:32  Marine  
  36  21:34  Marine  
  36  21:39  Hellion  
  35  21:40  SCV  
  35  21:43  SCV  
  26  21:47  Marine  
  26  21:52  Marine  
  26  21:53  Marine  
  26  21:55  SCV  
  22  22:05  Marine  
  22  22:07  SCV  
  18  22:11  Supply Depot, Marine  
  17  22:16  Viking  
  18  22:23  Barracks  
  18  22:32  SCV  
  18  22:34  Orbital Command  
  17  22:45  SCV, Engineering Bay  
  17  22:48  Barracks  
  16  22:52  Refinery  
  16  22:53  Missile Turret  
  16  22:57  SCV, Missile Turret  
  17  22:59  Supply Depot, SCV  
  15  23:09  SCV  
  15  23:10  Marine  
  15  23:11  SCV  
  18  23:18  Bunker  
  17  23:21  SCV  
  17  23:23  SCV  
  19  23:28  Marine  
  19  23:33  SCV  
  21  23:34  Marine  
  21  23:35  SCV  
  21  23:45  SCV  
  21  23:46  Marine  
  21  23:48  SCV  
  23  23:52  Marine  
  23  23:57  SCV  
  23  24:00  SCV  
  20  24:12  SCV  
  18  24:18  Supply Depot  
  18  24:21  Supply Depot  
  15  24:39  SCV  
  15  24:41  Engineering Bay  
  15  24:51  SCV  
  15  24:53  Supply Depot  
  15  24:55  Engineering Bay  
  15  25:03  SCV  
  15  25:07  Barracks  
  15  25:15  SCV  
  15  25:24  Barracks  
Tags
 
Matchup
TvT
Race
Terran
Spawn Locations
Cross Positions
Add a new tag
Caveats
  • Supply blocks, unpowered buildings, or Contaminate may cause inaccurate times.
  • Supply counts are checked every 10 seconds.